 Dungeon Crawl Stone Soup version 0.22-a0-614-g34fbaa0 (webtiles) character file.

42 robertstho the Shooter (level 3, -6/29 HPs)
             Began as a Centaur Hunter on July 19, 2018.
             Mangled by a worm (9 damage)
             ... on level 2 of the Dungeon.
             The game lasted 00:02:19 (1263 turns).

robertstho the Shooter (Centaur Hunter)             Turns: 1263, Time: 00:02:20

Health: -6/29      AC:  4    Str: 14    XL:     3   Next: 35%
Magic:  3/3        EV:  9    Int: 10    God:
Gold:   58         SH:  0    Dex: 10    Spells: 2/2 levels left

rFire    . . .     SeeInvis .   b - +0 short sword
rCold    . . .     Gourm    .   (no shield)
rNeg     . . .     Faith    .   c - +0 leather armour
rPois    .         Spirit   .   (no helmet)
rElec    .         Reflect  .   (no cloak)
rCorr    .         Harm     .   (no gloves)
MR       .....                  (no barding)
Stlth    +.........             (no amulet)
HPRegen  0.09/turn              (no ring)
MPRegen  0.08/turn              (no ring)

@: very quick
A: large, hooves 3, deformed body, speed 2, tough skin 3
a: no special abilities


You were on level 2 of the Dungeon.
You were not hungry.

You visited 1 branch of the dungeon, and saw 2 of its levels.

You collected 58 gold pieces.

Inventory:

Hand Weapons
 a - a +1 shortbow
 b - a +0 short sword (weapon)
Missiles
 d - 13 arrows
 h - 8 javelins (quivered)
Armour
 c - a +0 leather armour (worn)
Scrolls
 e - a scroll of magic mapping {unknown}
 k - a scroll of fog {unknown}
 l - a scroll of remove curse {unknown}
 o - 2 scrolls of identify {unknown}
Potions
 g - 3 potions of curing {unknown}
 j - a potion of flight {unknown}
 m - a potion of degeneration {unknown}
 n - a potion of might {unknown}
 p - a potion of invisibility {unknown}
Comestibles
 f - 2 rations
 i - 4 chunks of flesh


   Skills:
 + Level 2.0 Fighting
 + Level 0.3 Short Blades
 * Level 6.4 Bows
 + Level 0.5 Armour
 + Level 1.4 Dodging
 - Level 0.4 Stealth


You had 2 spell levels left.
You didn't know any spells.
Your spell library was empty.

Dungeon Overview and Level Annotations

Branches:
Dungeon (2/15)

Altars:


Innate Abilities, Weirdness & Mutations

You have hooves in place of feet.
Armour fits poorly on your strangely shaped body.
You cover ground very quickly.
You have extremely tough skin. (AC +3)


Message History

The hobgoblin barely misses you. The worm completely misses you.
You hit the worm but do no damage. Your kick misses the worm.
The worm is heavily wounded.
The hobgoblin hits you but does no damage.
You hit the worm but do no damage. Your kick misses the worm.
The worm is heavily wounded.
The hobgoblin barely misses you. The worm bites you.
You barely miss the worm.
The worm is heavily wounded.
The hobgoblin hits you with a club.
You are too injured to fight recklessly!
You hit the worm but do no damage. You kick the worm.
The worm is almost dead.
The hobgoblin hits you but does no damage.
The worm bites you!
* * * LOW HITPOINT WARNING * * *
You hit the worm.
The worm is almost dead.
The hobgoblin barely misses you. The worm bites you!
You die...

#.# ##
#########.###..
#...........#.#
#.........#.#.#
###########.#.#
........#.#.######
.............(....
.....#g#.#.######
### #@#.#.#
#w#.#.# #.#.#.#
#.#.#.# #.#.#.#
#.#.#.# #.# #.#


You could see a worm and a hobgoblin.

Vanquished Creatures
  3 dart slugs
  3 leopard geckos (D:1)
  4 bats (D:1)
  3 giant cockroaches (D:1)
  2 goblins (D:1)
  6 hobgoblins
  A ball python (D:1)
  3 frilled lizards (D:1)
  4 kobolds (D:1)
  4 rats (D:1)
33 creatures vanquished.

Notes
Turn   | Place    | Note
-------+----------+-------------------------------------------
     0 | D:1      | robertstho the Centaur Hunter began the quest for the Orb.
     0 | D:1      | Reached XP level 1. HP: 17/17 MP: 1/1
   198 | D:1      | Reached XP level 2. HP: 20/24 MP: 2/2
   237 | D:1      | Reached skill level 6 in Bows
   879 | D:1      | Reached XP level 3. HP: 29/29 MP: 3/3
  1263 | D:2      | Mangled by a worm

Vault maps used:
D:1:      sevenhm_arrival_forest_fort_small_4

Skill      XL: |  1  2 |
---------------+-------+-----
Bows           | 6 |  6.4
Fighting       | |  2.0
Short Blades   | |  0.3
Armour         | |  0.5
Dodging        | |  1.4
Stealth        | |  0.4

Action                   || total
-------------------------++-------
Melee: Short sword       ||   102
       Kick              ||    13
 Fire: Shortbow          ||    32
Armor: Leather armour    ||    54
Dodge: Dodged            ||    66

Table legend:
 A = Spawn XP
 B = Non-spawn XP
 C = Spawn XP percentage of total XP
 D = Spawn monster count
 E = Non-spawn monster count
 F = Spawn count percentage of total count
 G = Total turns spent on level
                    A         B        C        D         E        F      G
               +---------+---------+-------+---------+---------+-------+---------
         Total |       0 |      61 |   0.0 |       0 |      33 |   0.0 |  1263
               +---------+---------+-------+---------+---------+-------+---------
           D:1 |       0 |      55 |   0.0 |       0 |      31 |   0.0 |  1231
           D:2 |       0 |       6 |   0.0 |       0 |       2 |   0.0 |    32
               +---------+---------+-------+---------+---------+-------+---------
